 Dungeon Crawl Stone Soup version 0.29-a0-834-g1e95ca9f62 (webtiles) character file.

Game seed: 18060366729969144379

2920 buhh the Insei (level 9, -4/64 HPs)
             Began as an Octopode Transmuter on July 12, 2022.
             Was a Follower of Cheibriados.
             Slain by a vampire mosquito (11 damage)
             ... on level 8 of the Dungeon.
             The game lasted 00:08:38 (10603 turns).

buhh the Insei (Octopode Transmuter)               Turns: 10603, Time: 00:08:39

Health: -4/64      AC:  1    Str: 12    XL:     9   Next: 79%
Magic:  12/12      EV: 16    Int: 22    God:    Cheibriados [*.....]
Gold:   529        SH:  0    Dex: 16    Spells: 6/12 levels left

rFire   . . .      SeeInvis .     - Unarmed
rCold   + . .      Faith    .   (no shield)
rNeg    + . .      Spirit   .   (helmet restricted)
rPois   .          Reflect  .   (no amulet)
rElec   .          Harm     .   e - ring of protection from cold
rCorr   .          Rampage  .   n - ring of positive energy
Will    .....                   (no ring)
Stlth   +++.......              (no ring)
HPRegen 0.20/turn               (no ring)
MPRegen 0.13/turn               (no ring)
                                (no ring)
                                (no ring)

@: about to teleport, very slow
A: almost no armour, amphibious, 8 rings, camouflage 1, gelatinous body 1,
(nimble swimmer 1), tentacles
a: Renounce Religion, Bend Time


You were on level 8 of the Dungeon.
You worshipped Cheibriados.
Cheibriados was aware of your devotion.
You visited 2 branches of the dungeon, and saw 9 of its levels.

You collected 529 gold pieces.

Inventory:

Missiles
 b - 5 poisoned darts
Magical Staves
 l - a staff of conjuration
Jewellery
 e - a ring of protection from cold (left tentacle)
 n - a ring of positive energy (right tentacle)
 r - an amulet of faith
 x - an amulet of reflection
Wands
 D - a wand of paralysis (4)
 E - a wand of flame (9)
Scrolls
 a - 2 scrolls of identify {!d}
 c - 2 scrolls of teleportation {!d!d}
 f - 2 scrolls of fog
 g - a scroll of silence {!r}
 h - a scroll of enchant armour
 k - a scroll of noise
 o - a scroll of brand weapon
Potions
 i - 2 potions of heal wounds {unknown}
 j - 3 potions of might {unknown}
 m - a potion of brilliance {unknown}
 q - a potion of ambrosia {unknown}
 s - 2 potions of resistance {unknown}
 t - a potion of magic {unknown}
 u - 3 potions of cancellation {unknown}
 v - 5 potions of curing {!d}
 w - 3 potions of flight {unknown}


   Skills:
 - Level 7.0 Fighting
 - Level 7.0 Dodging
 - Level 2.0 Stealth
 - Level 7.0 Unarmed Combat
 - Level 2.0 Spellcasting
 - Level 6.0 Transmutations
 * Level 1.5 Ice Magic
 - Level 2.0 Poison Magic


You had 6 spell levels left.
You knew the following spells:

 Your Spells              Type           Power      Damage    Failure   Level
a - Beastly Appendage     Tmut           56%        N/A       1%          1
b - Wereblood             Tmut           28%        N/A       1%          2
c - Spider Form           Tmut/Pois      19%        N/A       8%          3

Your spell library contained the following spells:

 Spells                   Type           Power      Damage    Failure   Level
 Static Discharge         Conj/Air       2%         3-4/arc   21%         2
 Ozocubu's Armour         Ice            8%         N/A       22%         3
 Ice Form                 Ice/Tmut       18%        N/A       28%         4
 Dazzling Flash           Conj/Hex       4%         N/A       38%         3
 Agony                    Necr           2%         N/A       98%         5
 Lightning Bolt           Conj/Air       1%         1d12      98%         5
 Silence                  Hex/Air        1%         N/A       98%         5
 Ozocubu's Refrigeration  Ice            4%         4d5       100%        7
 Maxwell's Capacitive Co  Air            1%         ∞         100%        8


Dungeon Overview and Level Annotations

Branches:
Dungeon (8/15) Zot: 39785  Temple (1/1) D:5 Zot: 8919    Lair (0/6) D:8

Altars:
Ashenzari
Cheibriados
Dithmenos
Gozag
Hepliaklqana
Kikubaaqudgha
Makhleb
Nemelex Xobeh
Okawaru
Qazlal
Ru
Trog
Uskayaw
Wu Jian
Xom
Yredelemnul
Zin
The Shining One

Annotations:
D:4 exclusion: downstairs
D:6 exclusion: steam dragon
D:7 1 runed translucent door, zhov's ghost, novice DsNe


Innate Abilities, Weirdness & Mutations

You cannot wear most types of armour.
You are amphibious.
You can wear up to eight rings at the same time.
Your skin changes colour to match your surroundings (Stealth+).
Your rubbery body absorbs attacks. (AC +1, EV +1)
((You are camouflaged when in or above water. (Stealth+)))
You have tentacles for arms and can constrict up to eight enemies at once.


Message History

As you read the scroll of teleportation {!d!d}, it crumbles to dust.
You feel strangely unstable. The vampire mosquito bites you.
The vampire mosquito closely misses you.
You hear the rapid hiss of a very distant avalanche of sand.
The vampire mosquito buzzes angrily. x2
The vampire mosquito barely misses you. The vampire mosquito misses you.
The vampire mosquito bites you!
The vampire mosquito draws strength from your injuries!
Your surroundings seem slightly different.
The vampire mosquito bites you!
* * * LOW HITPOINT WARNING * * *
The vampire mosquito draws strength from your injuries!
The vampire mosquito closely misses you.
As you read the scroll of teleportation {!d!d}, it crumbles to dust.
You feel strangely unstable.
The vampire mosquito completely misses you.
The vampire mosquito bites you.
* * * LOW HITPOINT WARNING * * *
The vampire mosquito draws strength from your injuries!
The vampire mosquito bites you.
* * * LOW HITPOINT WARNING * * *
The vampire mosquito misses you. The vampire mosquito barely misses you.
The vampire mosquito misses you.
You feel better.
The vampire mosquito barely misses you. x2
The vampire mosquito misses you. x2; The vampire mosquito bites you.
* * * LOW HITPOINT WARNING * * *
The vampire mosquito draws strength from your injuries!
The vampire mosquito misses you.
You feel better.
The hiss of flowing sand is almost imperceptible now.
The vampire mosquito misses you.
The vampire mosquito closely misses you.
The vampire mosquito bites you!
* * * LOW HITPOINT WARNING * * *
The vampire mosquito draws strength from your injuries!
The vampire mosquito barely misses you.
The vampire mosquito closely misses you. x3
The vampire mosquito bites you!
You die...

*###+###*,****
###############.......#,,,,*
.............##.......#,****
.............##.......#,*
..............#<......+,*
.....$........#.......#**
..............'.......#
.....$........#.......#
............y.#y@.....#
....../........yyy....#
.............#........#
.............#........#
.............##.#....##
.......(....>........#
...............$.....#
.....,.......#....####
.....,,,,,,,,**.#.#


You could see 4 vampire mosquitoes.

Vanquished Creatures
  Sigmund (D:3)
  A wyvern (D:5)
  A yak (D:8)
  A steam dragon (D:8)
  4 ice beasts
  3 black bears
  2 centaurs (D:8)
  3 ogres
  3 bullfrogs
  A gnoll sergeant (D:7)
  A necrophage (D:6)
  6 scorpions
  A howler monkey (D:8)
  A jelly (D:5)
  An orc priest (D:4)
  4 hounds
  4 iguanas
  3 orc wizards
  12 gnolls
  2 adders
  A shadow imp (D:6)
  5 white imps
  2 ufetubi (D:5)
  A dart slug (D:3)
  14 orcs
  8 bats
  9 endoplasms
  5 giant cockroaches
  8 goblins
  8 hobgoblins
  8 jackals
  6 kobolds
  3 quokkas
  6 ball pythons
  2 frilled lizards
  7 rats
148 creatures vanquished.

Notes
Turn   | Place    | Note
-------+----------+-------------------------------------------
     0 | D:1      | buhh the Octopode Transmuter began the quest for the Orb.
     0 | D:1      | Reached XP level 1. HP: 13/13 MP: 3/3
    21 | D:1      | You fall into a shaft and drop 1 floor!
   144 | D:1      | Reached skill level 1 in Stealth
   151 | D:1      | Reached XP level 2. HP: 18/18 MP: 1/5
   174 | D:1      | Reached skill level 1 in Poison Magic
   592 | D:1      | Reached XP level 3. HP: 23/23 MP: 4/6
  1096 | D:1      | Found a faded altar of an unknown god.
  1900 | D:2      | Reached XP level 4. HP: 24/29 MP: 5/7
  2002 | D:3      | Noticed Sigmund
  2051 | D:3      | Found an opulent altar of Gozag.
  2149 | D:3      | Noticed an ogre
  2223 | D:1      | Learned a level 2 spell: Wereblood
  2227 | D:1      | Learned a level 3 spell: Spider Form
  2874 | D:3      | Killed an ogre
  2875 | D:3      | Reached XP level 5. HP: 5/36 MP: 5/8
  3815 | D:4      | Reached XP level 6. HP: 26/42 MP: 4/9
  4059 | D:4      | Noticed a black bear
  4597 | D:3      | Killed Sigmund
  4598 | D:3      | Reached XP level 7. HP: 48/48 MP: 10/10
  4910 | D:4      | Reached skill level 5 in Unarmed Combat
  5442 | D:5      | Entered Level 5 of the Dungeon
  5479 | D:5      | Found a shimmering altar of Xom.
  5746 | D:5      | Noticed a wyvern
  5761 | D:5      | Killed a wyvern
  5762 | D:5      | Reached skill level 5 in Dodging
  6503 | D:5      | Reached XP level 8. HP: 54/54 MP: 5/11
  6619 | D:5      | Reached skill level 5 in Fighting
  7401 | D:5      | Found a staircase to the Ecumenical Temple.
  7411 | Temple   | Entered the Ecumenical Temple
  7448 | Temple   | Became a worshipper of Cheibriados the Contemplative
  7948 | D:6      | Reached XP level 9. HP: 62/62 MP: 8/12
  8435 | D:6      | Identified the +0 leather armour of the Solstice {rElec rC+
                  | rCorr}
  9119 | D:7      | Reached * piety under Cheibriados
  9430 | D:7      | Found a runed translucent door.
  9431 | D:7      | Noticed zhov's ghost (novice DsNe)
  9474 | D:7      | Found a broken altar of Ashenzari.
 10239 | D:8      | Reached skill level 5 in Transmutations
 10287 | D:8      | Noticed a death yak
 10287 | D:8      | Noticed a death yak
 10293 | D:8      | Found a hide-covered altar of Uskayaw.
 10293 | D:8      | Found a basalt altar of Yredelemnul.
 10569 | D:8      | Noticed a death yak
 10590 | D:8      | Reached skill level 1 in Ice Magic
 10603 | D:8      | Slain by a vampire mosquito

Illustrated notes

Levels and vault maps discovered:
D:1:      nicolae_arrival_somewhat_less_tricky_arrival, layout_loops_cross,
          shapermc_ecumenical_altar_hornbeckon, minmay_tripent
D:2:      layout_basic, minmay_fountain_box
D:3:      layout_basic, grunt_gozag_breadcrumbs, uniq_sigmund
D:4:      layout_basic
D:5:      layout_basic, mainiacjoe_overflow_cross_hatched, temple_statues
D:6:      layout_basic
D:7:      layout_loops_ring, nicolae_ashenzari_skybound, gammafunk_ghost_grave
D:8:      layout_basic, gammafunk_temple_overflow_pools, fedhas_altar_4,
          dpeg_lair_monsters, chequers_ossuary_entry_cave
Temple:   nicolae_temple_bog_church

Skill      XL: |  1  2  3  4  5  6  7  8  9 |
---------------+----------------------------+-----
Stealth        | 1 2 |  2.0
Poison Magic   | 1 2 |  2.0
Fighting       | 2 3 4 6 7 |  7.0
Dodging        | 3 4 5 6 7 |  7.0
Unarmed Combat | 4 5 6 7 |  7.0
Transmutations | 6 |  6.0
Ice Magic      | 1 |  1.5
Spellcasting   | |  2.0

Action                   |  1- 3 |  4- 6 |  7- 9 || total
-------------------------+-------+-------+-------++-------
Melee: Unarmed           |    74 |   100 |   242 ||   416
       Constrict         |    20 |    19 |    29 ||    68
       Tentacles         |    20 |    10 |    37 ||    67
       Kick              |    14 |    14 |    32 ||    60
       Punch             |     1 |     5 |     8 ||    14
 Cast: Beastly Appendage |    36 |    18 |    35 ||    89
       Spider Form       |       |     6 |    15 ||    21
       Wereblood         |       |     1 |     6 ||     7
Evoke: Wand              |       |       |    13 ||    13
  Use: Scroll            |     3 |     5 |    11 ||    19
       Potion            |       |     1 |     5 ||     6
 Stab: Sleeping          |    10 |     6 |     4 ||    20
       Invisible         |       |       |     4 ||     4
       Paralysed         |       |       |     4 ||     4
Armor: Skin              |     4 |     7 |     9 ||    20
Dodge: Dodged            |    34 |    49 |   230 ||   313

Table legend: (Time is in decaauts)
 A = Elapsed time spent in this place.
 B = Non-inter-level travel time spent in this place.
 C = Inter-level travel time spent in this place.
 D = Time resting spent in this place.
 E = Time spent auto-exploring this place.
 F = Levels seen in this place.
 G = Mean time per level.
                   A        B        C        D        E       F      G
               +--------+--------+--------+--------+--------+-----+--------+
         Total |  11077 |  10620 |    457 |   1526 |   7585 |   9 | 1230.8 |
       Dungeon |  11014 |  10582 |    432 |   1526 |   7559 |   8 | 1376.8 |
        Temple |     62 |     37 |     25 |      0 |     26 |   1 |   62.0 |
               +--------+--------+--------+--------+--------+-----+--------+

Top non-repeatable levels by time:
     D:4: 2487 daAuts
     D:6: 1816 daAuts
     D:5: 1360 daAuts
     D:3: 1316 daAuts
     D:1: 1295 daAuts
     D:7: 1071 daAuts
     D:2: 951 daAuts
     D:8: 715 daAuts
  Temple: 62 daAuts
